Map: Tourmaline LE

Players

SwarmTax

  • Race: Zerg Zerg
  • Spawn Location: 1:00

A.I. 1 (Very Easy) - Winner!

  • Race: Zerg Zerg
  • Spawn Location: 7:00

VOD

Have the link to the VOD?

Description

Time

  • Played on: Jan. 8, 2026, 10:46 a.m.
  • Length: 7:34
Show
View Real Time Build Order
Export as new Build Order

SwarmTax Zerg 

Build Orders: Hatch First 

Get SALT Encoding   

  12  0:00  Drone  
  13  0:08  Drone  
  14  0:14  Extractor  
  14  0:15  Drone  
  15  0:21  Overlord  
  15  0:40  Drone  
  16  0:46  Hatchery  
  16  0:49  Drone  
  16  0:52  Drone  
  16  0:56  Drone  
  18  1:06  Extractor  
  17  1:12  Spawning Pool  
  17  1:15  Drone  
  17  1:18  Drone  
  18  1:26  Drone  
  19  1:36  Drone  
  20  1:47  Drone  
  21  1:58  Queen  
  21  1:59  Queen  
  21  2:00  Zergling x2  
  21  2:01  Overlord  
  26  2:10  Drone x2  
  26  2:12  Metabolic Boost  
  28  2:20  Drone x2  
  30  2:31  Drone x2  
  30  2:34  Queen  
  34  2:44  Hatchery  
  34  2:47  Overlord  
  34  2:49  Drone  
  34  2:53  Overlord  
  34  2:57  Drone  
  35  3:02  Drone  
  36  3:08  Drone  
  36  3:09  Drone x3  
  40  3:19  Overlord, Drone x3  
  43  3:25  Spore Crawler  
  42  3:32  Zergling x4  
  44  3:37  Zergling x2  
  45  3:44  Queen  
  45  3:46  Zergling x4  
  49  3:49  Overlord  
  49  3:57  Queen  
  49  4:01  Drone x3  
  54  4:04  Drone x2  
  54  4:05  Spore Crawler  
  54  4:07  Overlord  
  54  4:09  Drone x3  
  58  4:13  Drone x4  
  58  4:14  Drone  
  63  4:18  Drone x2  
  65  4:29  Drone x3  
  68  4:35  Roach Warren  
  68  4:37  Drone x2  
  69  4:48  Lair  
  69  4:52  Drone x7, Evolution Chamber  
  75  4:53  Drone  
  75  4:55  Extractor  
  75  4:56  Extractor  
  75  4:57  Spore Crawler, Extractor x2  
  75  4:58  Extractor, Drone  
  71  5:01  Drone  
  71  5:04  Drone  
  74  5:14  Drone x7  
  74  5:16  Drone  
  74  5:17  Drone  
  82  5:29  Overlord x2  
  82  5:31  Zerg Missile Weapons Level 1  
  82  5:35  Overlord  
  82  5:36  Overlord x3  
  82  5:43  Hatchery  
  82  5:47  Glial Reconstitution, Queen  
  82  5:48  Hydralisk Den  
  81  5:51  Zergling x18  
  81  5:55  Drone x3  
  93  6:02  Overlord  
  92  6:05  Roach, Overlord  
  94  6:17  Grooved Spines, Hydralisk  
  94  6:18  Hydralisk x6  
  100  6:22  Hydralisk  
  110  6:27  Hydralisk  
  110  6:28  Hydralisk x3  
  110  6:30  Roach  
  110  6:32  Roach  
  122  6:33  Roach  
  122  6:34  Roach  
  122  6:36  Roach  
  128  6:43  Roach x4  
  128  6:45  Overlord  
  136  6:50  Roach  
  138  6:54  Roach  
  138  6:55  Roach  
  138  6:56  Roach  
  138  6:57  Roach x2  
  138  6:58  Roach  
  150  7:03  Overlord x3  
  150  7:06  Roach  
  150  7:07  Roach  
  150  7:08  Ravager x4  
  157  7:09  Ravager  
Show
View Real Time Build Order
Export as new Build Order

A.I. 1 (Very Easy) Zerg - Winner!

Build Orders: Pool First 

Get SALT Encoding   

  12  0:00  Drone  
  13  0:12  Overlord  
  13  0:16  Drone  
  14  0:35  Spawning Pool  
  13  0:36  Extractor  
  13  0:39  Drone  
  13  0:46  Drone  
  14  0:51  Overlord  
  14  1:21  Queen  
  14  1:23  Zergling x2  
  17  1:32  Roach Warren  
  16  1:34  Extractor  
  16  1:38  Drone  
  16  1:40  Zergling x2  
  16  1:46  Drone  
  18  1:59  Zergling x2  
  18  2:00  Drone  
  20  2:11  Drone  
  21  2:21  Drone  
  22  2:28  Drone  
  23  2:31  Overlord  
  23  2:36  Drone  
  24  2:43  Drone  
  25  4:06  Zergling x2  
  25  5:43  Roach, Overlord, Lair, Drone  
  28  5:50  Drone  
  29  5:58  Drone  
  27  6:05  Drone  
  28  6:12  Drone  
  31  6:25  Roach  
  31  6:41  Overseer  
  31  6:44  Overseer  
  31  7:07  Roach  
  33  7:15  Hatchery  
Tags
 
Add a new tag
Caveats
  • Supply blocks, unpowered buildings, or Contaminate may cause inaccurate times.
  • Supply counts are checked every 10 seconds.